 Dungeon Crawl Stone Soup version 0.32-a0-42-ga30500b4d3 (webtiles) character file.

Game seed: 16505374824884600006

30 lunkers the Cudgeller (level 3, -2/58 HPs)
             Began as an Oni Berserker on Feb 1, 2024.
             Was a Follower of Trog.
             Slain by Robin
             ... wielding a +0 spear
              (5 damage)
             ... on level 2 of the Dungeon.
             The game lasted 00:01:35 (1057 turns).

lunkers the Cudgeller (Oni Berserker)               Turns: 1057, Time: 00:01:36

Health: -2/58      AC:  3    Str: 23    XL:     3   Next: 18%
Magic:  3/3        EV: 10    Int:  8    God:    Trog [*.....]
Gold:   56         SH:  0    Dex:  8    Spells: 2/2 levels left

rFire   . . .        a - +0 mace
rCold   . . .        (no shield)
rNeg    . . .        b - +0 animal skin
rPois   .            (helmet restricted)
rElec   .            (no cloak)
rCorr   .            (gloves unavailable)
SInv    .            (boots unavailable)
Will    .....        (no amulet) Stlth
                     (no ring)
HPRegen 0.29/turn    (no ring)
MPRegen 0.08/turn

%: no passive effects
@: berserking (expiring), very quick
A: large, unfitting armour, horns 1, tough skin 1, double potion healing,
drunken brawling
a: Renounce Religion, Berserk


You were on level 2 of the Dungeon.
You worshipped Trog.
Trog was aware of your devotion.
You visited 1 branch of the dungeon, and saw 2 of its levels.

You collected 56 gold pieces.

Inventory:

Hand Weapons
 a - a +0 mace (weapon)
Armour
 b - a +0 animal skin (worn)
 g - a +0 kite shield
Scrolls
 c - 2 scrolls of identify {unknown}
 d - a scroll of vulnerability {unknown}
 h - a scroll of poison {unknown}
 i - a scroll of butterflies {unknown}
Potions
 e - a potion of enlightenment {unknown}
 f - a potion of resistance {unknown}


   Skills:
 - Level 4.0 Fighting
 * Level 4.2 Maces & Flails
 - Level 2.6 Dodging


You had 2 spell levels left.
You didn't know any spells.
Your spell library was empty.

Dungeon Overview and Level Annotations

Branches:
Dungeon (2/15)

Altars:

Annotations:
D:2 Robin


Innate Abilities, Weirdness & Mutations

You are too large for most types of armour.
You have a pair of small horns on your head.
You have tough skin. (AC +1)
You gain doubled healing and magic from potions.
Whenever you drink a healing potion, you attack all around you.


Message History

You kill the goblin!
Trog accepts your kill. The goblin hits you with a +0 dagger.
* * * LOW HITPOINT WARNING * * *
Unknown command.
You sock the goblin!
You kill the goblin!
Trog accepts your kill.
Robin hits you from afar with a +0 spear.
* * * LOW HITPOINT WARNING * * *
The goblin hits you with a +0 dagger.
* * * LOW HITPOINT WARNING * * *
You sock the goblin!
You kill the goblin!
Trog accepts your kill. The hobgoblin barely misses you.
Robin barely misses you.
Unknown command.
You sock the hobgoblin!
You kill the hobgoblin!
Trog accepts your kill.
Robin hits you from afar with a +0 spear.
* * * LOW HITPOINT WARNING * * *
Level annotation: Robin Welcome back, lunkers the Oni Berserker.
Trog says: Kill them all!
Press ? for a list of commands and other information.
You barely miss the adder. Your headbutt misses the adder.
Robin closely misses you. The adder barely misses you.
You hit the adder.
The adder is heavily wounded.
The adder bites you but does no damage.
Robin hits you from afar with a +0 spear.
* * * LOW HITPOINT WARNING * * *
The adder barely misses you.
You completely miss the adder. The adder bites you.
* * * LOW HITPOINT WARNING * * *
The adder misses you. The adder bites you but does no damage.
Robin hits you from afar with a +0 spear.
You die...
Robin says, "And that's why I'm the boss."

#### #.. ##### #.# ###
....##########.###>..#
...........#.........###
........!.....?†##g.....
###.######.....)SS.....#
# #.#......#.#.)@#####.
# #.#.####...#.).# #
#.#.# #.#.#...#
###.#.####.......#
...........#.#......
#.....##..|......###
.....#....##.###.#
#....>##..##.# #.#
#.....##..##.# #


You could see Robin and 2 adders.

Vanquished Creatures
  A dart slug (D:1)
  2 endoplasms (D:1)
  2 giant cockroaches (D:1)
  2 hobgoblins (D:2)
  3 jackals (D:1)
  A kobold (D:1)
  A ball python (D:1)
  A bat (D:1)
  A frilled lizard (D:1)
  9 goblins
23 creatures vanquished.

Notes
Turn   | Place    | Note
-------+----------+-------------------------------------------
     0 | D:1      | lunkers the Oni Berserker began the quest for the Orb.
     0 | D:1      | Reached XP level 1. HP: 24/24 MP: 1/1
    76 | D:1      | Reached XP level 2. HP: 19/32 MP: 2/2
  1039 | D:2      | Noticed Robin
  1051 | D:2      | Reached XP level 3. HP: 19/39 MP: 3/3
  1057 | D:2      | Slain by Robin

Illustrated notes

Levels and vault maps discovered:
D:1:      dpeg_arrival_shrine, layout_basic, minivault_24,
          grunt_decor_resistance, nrook_mini_vaults
D:2:      layout_loops_ring, minmay_heptomino_o4, uniq_sigmund, uniq_robin

Skill      XL: |  1  2 |
---------------+-------+-----
Maces & Flails | 4 |  4.2
Fighting       | |  4.0
Dodging        | |  2.6

Action                     || total
---------------------------++-------
  Melee: Mace              ||    69
         Headbutt          ||     7
 Invoke: Berserk           ||     1
 Armour: Animal skin       ||    62
  Dodge: Dodged            ||    52

Table legend: (Time is in decaauts)
 A = Elapsed time spent in this place.
 B = Non-inter-level travel time spent in this place.
 C = Inter-level travel time spent in this place.
 D = Time resting spent in this place.
 E = Time spent auto-exploring this place.
 F = Levels seen in this place.
 G = Mean time per level.
                   A        B        C        D        E       F      G
               +--------+--------+--------+--------+--------+-----+--------+
         Total |   1067 |   1039 |     28 |      0 |    900 |   2 |  533.5 |
       Dungeon |   1067 |   1039 |     28 |      0 |    900 |   2 |  533.5 |
               +--------+--------+--------+--------+--------+-----+--------+

Top non-repeatable levels by time:
     D:1: 991 daAuts
     D:2: 76 daAuts
